 Dungeon Crawl Stone Soup version 0.21.1-1-g345015f (webtiles) character file.

201 shakethe the Covered (level 5, -2/49 HPs)
             Began as a Deep Dwarf Conjurer on Feb 21, 2018.
             Slain by a gnoll
             ... wielding a +4 halberd of freezing
              (5 damage)
             ... on level 4 of the Dungeon.
             The game lasted 00:06:13 (1763 turns).

shakethe the Covered (Deep Dwarf Conjurer)          Turns: 1763, Time: 00:06:14

Health: -2/49      AC:  7    Str: 12    XL:     5   Next: 50%
Magic:  5/5        EV:  9    Int: 16    God:
Gold:   17         SH:  0    Dex: 13    Spells: 6/7 levels left

rFire    + . .     SeeInvis .   a - +0 trident
rCold    . . .     Gourm    .   (no shield)
rNeg     . . .     Faith    .   r - +0 scale mail
rPois    .         Spirit   .   (no helmet)
rElec    .         Reflect  .   (no cloak)
rCorr    .         Harm     .   (no gloves)
MR       .....                  (no boots)
Stlth    +.........             (no amulet)
HPRegen  0.00/turn              q - ring of protection from fire {rF+, !d}
MPRegen  0.09/turn              (no ring)

@: non-regenerating
A: damage resistance, heal wounds, sense surroundings 1, no regeneration
a: Heal Wounds


You were on level 4 of the Dungeon.
You were hungry.

You visited 1 branch of the dungeon, and saw 3 of its levels.

You collected 17 gold pieces.

Inventory:

Hand Weapons
 a - a +0 trident (weapon)
   (You took it off an orc on level 4 of the Dungeon)
 k - a +0 spear
   (You found it on level 1 of the Dungeon)
Missiles
 g - 22 bolts
 j - a tomahawk (quivered)
Armour
 r - a +0 scale mail (worn)
   (You found it on level 2 of the Dungeon)
Jewellery
 q - a ring of protection from fire (left hand) {rF+, !d}
   (You found it on level 1 of the Dungeon)
Scrolls
 e - 2 scrolls of amnesia {unknown}
 l - 3 scrolls of remove curse {unknown}
 n - 2 scrolls of enchant weapon {unknown}
Potions
 f - a potion of lignification {unknown}
 h - a potion of heal wounds {unknown}
 m - a potion of might {unknown}
 o - 4 potions of curing {unknown}
 p - a potion of brilliance {unknown}
Books
 b - a book of Conjurations
Comestibles
 c - a ration


   Skills:
 + Level 3.3 Fighting
 + Level 4.0 Armour
 - Level 2.1 Dodging
 - Level 2.4 Stealth
 - Level 1.7 Spellcasting
 - Level 3.6 Conjurations


You had 6 spell levels left.
You knew the following spells:

 Your Spells              Type           Power        Failure   Level  Hunger
a - Magic Dart            Conj           ##..         22%         1    ##.....


Dungeon Overview and Level Annotations

Branches:
Dungeon (2/15)

Altars:


Innate Abilities, Weirdness & Mutations

You are resistant to damage.
You can heal yourself by infusing magical energy.
You passively map a small area around you.
You do not regenerate.


Message History

The gnoll moves out of view.
The gnoll shaman calls upon its god to speed up the gnoll.
The gnoll seems to speed up.
Unknown command.
You hit the gnoll. The gnoll hits you but does no damage.
You closely miss the gnoll. The gnoll hits you but does no damage.
The gnoll closely misses you.
You puncture the gnoll! The gnoll hits you. x2
You take 4 damage, and have 39/49 hp.
You hit the gnoll but do no damage. The gnoll hits you but does no damage.
The gnoll closely misses you.
You hit the gnoll.
You kill the gnoll!
Your scale mail prevents you from hitting the gnoll shaman.
The gnoll shaman hits you with a club.
You take 1 damage, and have 38/49 hp.
You barely miss the gnoll shaman.
The gnoll shaman hits you but does no damage.
You hit the gnoll shaman. The gnoll shaman hits you with a club.
The gnoll hits you.
You take 2 damage, and have 36/49 hp.
You hit the gnoll shaman. The gnoll shaman completely misses you.
The gnoll closely misses you.
The gnoll shaman hits you but does no damage.
The gnoll hits you but does no damage.
You hit the gnoll shaman but do no damage.
The gnoll shaman closely misses you. The gnoll closely misses you.
You closely miss the gnoll shaman. The gnoll hits you.
The gnoll shaman closely misses you.
You barely miss the gnoll shaman. The gnoll barely misses you.
The gnoll shaman closely misses you.
You hit the gnoll shaman but do no damage.
The gnoll hits you. The gnoll shaman closely misses you.
The gnoll closely misses you.
Your scale mail prevents you from hitting the gnoll shaman.
The gnoll shaman hits you with a club. The gnoll closely misses you.
The gnoll shaman closely misses you.
You take 3 damage, and have 33/49 hp.
You barely miss the gnoll shaman. The gnoll hits you.
The gnoll shaman hits you but does no damage.
You take 2 damage, and have 31/49 hp.
You barely miss the gnoll shaman. The gnoll barely misses you.
The gnoll shaman completely misses you. The gnoll hits you.
You hit the gnoll shaman but do no damage.
The gnoll shaman hits you but does no damage.
The gnoll barely misses you.
You hit the gnoll shaman. The gnoll shaman hits you with a club!
The gnoll hits you but does no damage.
You take 7 damage, and have 24/49 hp.
You closely miss the gnoll shaman. The gnoll closely misses you.
A gnoll comes into view. It is wielding a halberd of freezing.
You barely miss the gnoll.
The gnoll shouts!
The gnoll shaman hits you with a club. The gnoll barely misses you.
The gnoll hits you from afar with a halberd of freezing.
The gnoll freezes you.
You take 9 damage, and have 15/49 hp.
You hit the gnoll shaman. The gnoll barely misses you.
The gnoll shaman prays to its god.
The gnoll shaman is healed somewhat.
The gnoll hits you from afar with a halberd of freezing!
* * * LOW HITPOINT WARNING * * *
The gnoll freezes you.
You take 6 damage, and have 9/49 hp.
You hit the gnoll shaman but do no damage.
The gnoll barely misses you.
The gnoll shaman hits you but does no damage.
The gnoll hits you from afar with a halberd of freezing!
* * * LOW HITPOINT WARNING * * *
The gnoll freezes you.
You take 7 damage, and have 2/49 hp.
You fail to use your ability.
The gnoll hits you. The gnoll shaman barely misses you.
The gnoll barely misses you.
You fail to use your ability.
The gnoll hits you but does no damage.
The gnoll shaman hits you but does no damage.
You feel much better. The gnoll hits you. The gnoll barely misses you.
The gnoll shaman closely misses you.
You regained 22 hp, and now have 24/49 hp.
You completely miss the gnoll shaman.
The gnoll hits you but does no damage. x2
The gnoll shaman hits you with a club. The gnoll hits you.
You hit the gnoll shaman.
The gnoll hits you from afar with a halberd of freezing!
The gnoll freezes you. The gnoll shaman hits you with a club.
The gnoll hits you but does no damage.
You take 9 damage, and have 15/49 hp.
You hit the gnoll shaman. The gnoll shaman hits you with a club.
* * * LOW HITPOINT WARNING * * *
The gnoll hits you from afar with a halberd of freezing!
* * * LOW HITPOINT WARNING * * *
The gnoll freezes you. The gnoll hits you. The gnoll shaman barely misses you.
You take 12 damage, and have 3/49 hp.
MASSIVE DAMAGE!!
Aim: a gnoll shaman, wielding a club and wearing a robe (almost dead)
You throw a tomahawk. The tomahawk hits the gnoll shaman.
You kill the gnoll shaman!
Your Armour skill increases to level 4!
The gnoll hits you from afar with a halberd of freezing!
You die...

...##.....##
#..g## *....
...####..##
#....####* ...
..## ##.#
##......... ..#
#.#
##..........,,
..# ...*
##...###.####**
<.# .#.#
##...## #.# *
#.# * ## #.
#.g### *## ##
*.# #gg## ##(@#
* ####


You could see 3 gnolls.

Vanquished Creatures
  An ogre (D:4)
  A gnoll shaman (D:4)
  An orc wizard (D:4)
  A gnoll (D:4)
  2 adders
  A dart slug (D:1)
  A leopard gecko (D:2)
  3 orcs (D:4)
  A giant cockroach (D:2)
  9 hobgoblins (D:1)
  5 kobolds (D:1)
  2 bats
  A frilled lizard (D:1)
  4 goblins (D:1)
  8 rats
41 creatures vanquished.

Notes
Turn   | Place    | Note
-------+----------+-------------------------------------------
     0 | D:1      | shakethe the Deep Dwarf Conjurer began the quest for the Orb.
     0 | D:1      | Reached XP level 1. HP: 15/15 MP: 3/3
   225 | D:1      | HP: 3/16 [goblin/club (4)]
   331 | D:1      | Reached skill level 1 in Armour
   333 | D:1      | Reached skill level 1 in Fighting
   333 | D:1      | Reached XP level 2. HP: 25/25 MP: 0/4
   788 | D:1      | Reached skill level 2 in Armour
   938 | D:1      | Reached XP level 3. HP: 17/31 MP: 3/5
  1246 | D:2      | You fall through a shaft for 2 floors!
  1332 | D:4      | HP: 7/32 [something/magic dart (4)]
  1337 | D:4      | HP: 2/32 [orc/trident (5)]
  1339 | D:4      | Reached skill level 2 in Fighting
  1339 | D:4      | Reached XP level 4. HP: 2/39 MP: 5/5
  1409 | D:4      | Reached skill level 3 in Armour
  1433 | D:4      | Noticed an ogre
  1449 | D:4      | HP: 6/40 [ogre/giant spiked club (15)]
  1453 | D:4      | Killed an ogre
  1453 | D:4      | Reached skill level 3 in Fighting
  1453 | D:4      | Reached XP level 5. HP: 20/49 MP: 5/5
  1755 | D:4      | HP: 9/49 [gnoll/halberd of freezing (6)]
  1756 | D:4      | HP: 2/49 [gnoll/halberd of freezing (7)]
  1762 | D:4      | HP: 12/49 [gnoll shaman/club (3)]
  1762 | D:4      | HP: 3/49 [gnoll/halberd of freezing (9)]
  1763 | D:4      | Reached skill level 4 in Armour
  1763 | D:4      | Slain by a gnoll

Skill      XL: |  1  2  3  4  5 |
---------------+----------------+-----
Armour         | 1 2 3 4 |  4.0
Fighting       | 1 2 3 |  3.3
Dodging        | |  2.1
Stealth        | |  2.4
Spellcasting   | |  1.7
Conjurations   | |  3.6

Action                   |  1- 3 |  4- 6 || total
-------------------------+-------+-------++-------
Melee: Club              |    30 |       ||    30
       Spear             |   130 |    15 ||   145
       Trident           |       |    38 ||    38
Throw: Tomahawk          |     2 |     3 ||     5
 Cast: Magic Dart        |    25 |     1 ||    26
 Abil: Heal Wounds       |     2 |     5 ||     7
 Stab: Sleeping          |     3 |       ||     3
  Eat: Chunk             |     2 |     1 ||     3
Armor: Robe              |    10 |       ||    10
       Scale mail        |    36 |    23 ||    59
Dodge: Dodged            |    72 |    33 ||   105

Vault maps used:
D:1:      dpeg_arrival_chambers_temple_mockup
D:2:      lemuel_round_altar, gammafunk_temple_overflow_claw, minmay_lizard_king
D:4:      elyvilon_altar_3, temple_doors_ab, first_ration, uniq_blork_the_orc

Table legend:
 A = Turns spent in this place as a percentage of turns spent in the entire game.
 B = Non-inter-level travel turns spent in this place as a percentage of non-inter-level travel turns spent in the entire game.
 C = Inter-level travel turns spent in this place as a percentage of turns spent in this place.
 D = Turns resting spent in this place as a percentage of non-inter-level travel turns spent in this place.
 E = Turns spent auto-exploring this place as a percentage of non-inter-level travel turns spent in this place.
 F = Non-inter-level travel turns spent in this place divided by the number of levels of this place that you've seen.
                   A       B       C       D       E      F
               +-------+-------+-------+-------+-------+----------------------
         Total | 100.0 | 100.0 |   1.7 |   5.9 |  50.3 | 577.7
       Dungeon | 100.0 | 100.0 |   1.7 |   5.9 |  50.3 | 577.7
               +-------+-------+-------+-------+-------+----------------------

Table legend:
 A = Kills in this place as a percentage of kills in entire the game.
 B = Kills by you in this place as a percentage of kills by you in the entire game.
 C = Kills by friends in this place as a percentage of kills by friends in the entire game.
 D = Other kills in this place as a percentage of other kills in the entire game.
 E = Experience gained in this place as a percentage of experience gained in the entire game.
 F = Experience gained in this place divided by the number of levels of this place that you have seen.
                   A       B       C       D       E      F
               +-------+-------+-------+-------+-------+----------------------
         Total | 100.0 | 100.0 |   N/A |   N/A | 100.0 |  96.0
       Dungeon | 100.0 | 100.0 |   N/A |   N/A | 100.0 |  96.0
               +-------+-------+-------+-------+-------+----------------------
